[Event "Titled Tuesday Blitz June 28 Late 2022"]
[White "Zhu, Jiner"]
[Black "Nilsson, Joakim"]
[WhiteFideId "8608059"]
[BlackFideId "1723383"]
[WhiteElo "2281"]
[BlackElo "2210"]
[Result "1-0"]
[Round "04"]
[TimeControl "180+1"]
[Date "2022.06.29"]
[WhiteClock "0:00:58"]
[BlackClock "0:01:14"]

1. e4 c5 2. Nf3 Nc6 3. Bb5 Nd4 4. Nxd4 cxd4 5. O-O Nf6 6. Re1 a6 7. Bf1 e6 8. c3 dxc3 9. Nxc3 d5 10. e5 Nd7 11. d4 b5 12. Be3 Nb6 13. b3 Bb4 14. Rc1 Bd7 15. Qg4 Kf8 16. Bd2 Ba3 17. Rcd1 Rc8 18. Re3 h5 19. Qh3 h4 20. Qg4 Be7 21. Rf3 Kg8 22. Bd3 b4 23. Ne2 Bb5 24. Rxf7 Kxf7 25. Bg6+ Kf8 26. Nf4 Qd7 27. Nxe6+ Kg8 28. Bf7+ Kxf7 29. Qxg7+ Kxe6 30. Qg6+ Bf6 31. Qxf6# 1-0


[Site "https://www.chess.com"]

[Event "Titled Tuesday Blitz June 28 Late 2022"]
[White "Abdrlauf, Elham"]
[Black "Bjelobrk, Igor"]
[WhiteFideId "1533533"]
[BlackFideId "4300726"]
[WhiteElo "2403"]
[BlackElo "2335"]
[Result "1-0"]
[Round "05"]
[TimeControl "180+1"]
[Date "2022.06.28"]
[WhiteClock "0:00:07"]
[BlackClock "0:00:07"]

1. e4 e5 2. Nc3 Nc6 3. Bc4 Nf6 4. d3 Bc5 5. f4 d6 6. Nf3 Bg4 7. Na4 Bb6 8. Nxb6 axb6 9. c3 exf4 10. Bxf4 O-O 11. O-O Ne5 12. Bxe5 dxe5 13. h3 Bxf3 14. Qxf3 Qe7 15. Kh1 Ne8 16. Qg3 Nd6 17. Bb3 Kh8 18. Rf3 f6 19. Raf1 Rad8 20. Qh4 b5 21. g4 h6 22. Kg2 Kh7 23. Qg3 Rfe8 24. h4 c6 25. Rh1 Kg6 26. g5 fxg5 27. hxg5 Qxg5 28. Qxg5+ hxg5 29. Bc2 g4 30. Rg3 Kg5 31. Bd1 g6 32. Rxg4+ Kf6 33. Rh7 Rh8 34. Rxh8 Rxh8 35. d4 Nf7 36. Bb3 exd4 37. cxd4 Nh6 38. Rf4+ Kg7 39. Rf2 Ng4 40. Rf4 Nf6 41. e5 Nd5 42. Bxd5 cxd5 43. Rf6 Rc8 44. Rd6 Rc2+ 45. Kf3 Rxb2 46. Rxd5 Rxa2 47. Rd7+ Kh6 48. e6 Ra1 49. e7 Re1 50. d5 b4 51. d6 Kg5 52. Rd8 b3 53. e8=Q Rxe8 54. Rxe8 b2 55. Re1 1-0


[Site "https://www.chess.com"]

[Event "Titled Tuesday Blitz June 28 Late 2022"]
[White "Aggelis, Nikolaos"]
[Black "Sanchez Alarcon, Juan"]
[WhiteFideId "4213220"]
[BlackFideId "3401332"]
[WhiteElo "2154"]
[BlackElo "2164"]
[Result "1-0"]
[Round "05"]
[TimeControl "180+1"]
[Date "2022.06.29"]
[WhiteClock "0:00:13"]
[BlackClock "0:01:57"]

1. d4 Nf6 2. c4 g6 3. Nc3 Bg7 4. e4 d6 5. Nf3 O-O 6. h3 e5 7. d5 Nbd7 8. Be3 Ne8 9. g4 Nc5 10. Rg1 Kh8 11. h4 f5 12. gxf5 gxf5 13. Ng5 f4 14. Bxc5 dxc5 15. Qh5 Nf6 16. Nf7+ Kg8 17. Nh6+ Kh8 18. Nf7+ Kg8 19. Nxd8 Nxh5 20. Ne6 Bxe6 21. dxe6 Rfe8 22. Nd5 Rac8 23. Bh3 c6 24. Bg4 cxd5 25. Bxh5 Rxe6 26. cxd5 Rh6 27. Bg4 Rd8 28. h5 Kf8 29. f3 Bf6 30. Rc1 b6 31. Ke2 Ke7 32. b4 Kd6 33. bxc5+ bxc5 34. Rb1 Rg8 35. Rb7 Rg7 36. Rb8 Rc7 37. Rgb1 Be7 38. Kd3 c4+ 39. Kc2 Kc5 40. Kc3 a5 41. R1b5+ Kd6 42. R5b6+ Kc5 43. Rxh6 1-0


[Site "https://www.chess.com"]

[Event "Titled Tuesday Blitz June 28 Late 2022"]
[White "Ahn, Hongjin"]
[Black "Samsonkin, Artiom"]
[WhiteFideId "13201492"]
[BlackFideId "13503111"]
[WhiteElo "1873"]
[BlackElo "2513"]
[Result "1-0"]
[Round "05"]
[TimeControl "180+1"]
[Date "2022.06.29"]
[WhiteClock "0:00:49"]
[BlackClock "0:00:03"]

1. d4 d5 2. Nf3 Nf6 3. g3 c5 4. Bg2 Nc6 5. O-O e6 6. c4 dxc4 7. Qa4 Bd7 8. Qxc4 cxd4 9. Nxd4 Rc8 10. Nc3 Nxd4 11. Qxd4 Bc5 12. Qh4 Bc6 13. Bxc6+ Rxc6 14. Rd1 Qb6 15. Na4 Bxf2+ 16. Kf1 Qc7 17. Kxf2 Rc4 18. Bf4 e5 19. Bxe5 Qc6 20. Bxf6 O-O 21. Qg5 1-0


[Site "https://www.chess.com"]

[Event "Titled Tuesday Blitz June 28 Late 2022"]
[White "Ambartsumova, Karina"]
[Black "Gaehwiler, Gabriel"]
[WhiteFideId "4166299"]
[BlackFideId "1314530"]
[WhiteElo "2262"]
[BlackElo "2383"]
[Result "1-0"]
[Round "05"]
[TimeControl "180+1"]
[Date "2022.06.28"]
[WhiteClock "0:00:12"]
[BlackClock "0:00:03"]

1. Nf3 Nf6 2. c4 g6 3. g3 b6 4. Bg2 Bb7 5. O-O Bg7 6. Nc3 O-O 7. Re1 Ne4 8. Qc2 Nxc3 9. bxc3 c5 10. d4 cxd4 11. cxd4 Nc6 12. Bb2 Rc8 13. d5 Na5 14. Bxg7 Kxg7 15. Nd2 Ba6 16. Qc3+ f6 17. e4 Bxc4 18. Qd4 e5 19. Qe3 Qe7 20. f4 Qc5 21. Bh3 Rf7 22. Nf3 Qxe3+ 23. Rxe3 Re8 24. fxe5 fxe5 25. Ng5 Rf6 26. Bxd7 Re7 27. Bh3 Nb7 28. Rc1 Nd6 29. a4 a6 30. Ne6+ Kg8 31. Bg2 b5 32. axb5 axb5 33. Ra1 h5 34. Ra8+ Kh7 35. Ng5+ Kh6 36. h4 Kg7 37. Rea3 Rf8 38. R8a6 Rf6 39. Ra8 Rf8 40. Ne6+ Rxe6 41. dxe6 Bxe6 42. Rxf8 Kxf8 43. Ra6 Ke7 44. Rb6 Bc4 45. Kf2 Kd7 46. Ke3 Kc7 47. Ra6 b4 48. Ra7+ Kb6 49. Rg7 b3 50. Kd2 Bf7 51. Kc3 Kc5 52. Bf3 Nb5+ 53. Kb2 Nd6 54. Bd1 Kd4 55. Bxb3 Bxb3 56. Kxb3 Nxe4 57. Rxg6 Ke3 58. g4 hxg4 59. h5 g3 60. h6 Nc5+ 61. Kc4 Nd3 62. Rxg3+ Kf4 63. Rxd3 1-0


[Site "https://www.chess.com"]

[Event "Titled Tuesday Blitz June 28 Late 2022"]
[White "Andreikin, Dmitry"]
[Black "Xu, Yi"]
[WhiteFideId "4158814"]
[BlackFideId "8605564"]
[WhiteElo "2736"]
[BlackElo "2471"]
[Result "1/2-1/2"]
[Round "05"]
[TimeControl "180+1"]
[Date "2022.06.28"]
[WhiteClock "0:00:25"]
[BlackClock "0:00:13"]

1. d4 Nf6 2. c4 e6 3. Nf3 d5 4. g3 Bb4+ 5. Bd2 Be7 6. Bg2 O-O 7. O-O c6 8. Nc3 Nbd7 9. a4 a5 10. Bf4 b6 11. cxd5 Nxd5 12. Rc1 Bb7 13. Qb3 c5 14. Rfd1 Nxf4 15. gxf4 cxd4 16. Nxd4 Bxg2 17. Nxe6 Qc8 18. Kxg2 Nc5 19. Nxc5 Qg4+ 20. Kh1 Bxc5 21. e3 Qf3+ 22. Kg1 Qg4+ 23. Kh1 Qf3+ 24. Kg1 Qg4+ 25. Kf1 Bxe3 26. fxe3 Qf3+ 27. Ke1 Qxe3+ 28. Kf1 Qf3+ 29. Kg1 Qg4+ 30. Kh1 Qf3+ 31. Kg1 Qg4+ 32. Kh1 Qf3+ 33. Kg1 1/2-1/2


[Site "https://www.chess.com"]

[Event "Titled Tuesday Blitz June 28 Late 2022"]
[White "Araujo Sanchez, Josue"]
[Black "Van Foreest, Jorden"]
[WhiteFideId "6416896"]
[BlackFideId "1039784"]
[WhiteElo "2339"]
[BlackElo "2609"]
[Result "0-1"]
[Round "05"]
[TimeControl "180+1"]
[Date "2022.06.28"]
[WhiteClock "0:00:06"]
[BlackClock "0:00:33"]

1. d4 g6 2. Bf4 Bg7 3. e3 d6 4. h3 e5 5. dxe5 dxe5 6. Qxd8+ Kxd8 7. Bh2 f6 8. Nc3 Be6 9. O-O-O+ Nd7 10. Nf3 Ne7 11. Nd2 Ke8 12. Bc4 Nf8 13. Nb5 Kd7 14. a4 a6 15. Ne4+ Kc8 16. Bxe6+ Nxe6 17. Nbc3 f5 18. Nd2 b5 19. Nb3 b4 20. Nd5 Nc6 21. Rhe1 Kb7 22. e4 Rad8 23. f3 Rhf8 24. Bg1 fxe4 25. Rxe4 a5 26. Be3 Rd7 27. Rc4 Ra8 28. Rd3 Bf8 29. Nf6 Rxd3 30. cxd3 Be7 31. Ne4 Rd8 32. Kd2 Rd5 33. Ke2 h5 34. Kd2 Nb8 35. Ke2 Nd7 36. Rc1 Nb6 37. Ra1 Nf4+ 38. Bxf4 exf4 39. Nbd2 Bf8 40. Nc4 Bg7 41. Ra2 Bd4 42. b3 Nd7 43. Rc2 Bb6 44. Ncd2 Nf8 45. Nf6 Re5+ 46. Nde4 Ne6 47. Rb2 Bd4 48. Rb1 Be3 49. Kd1 Nd4 50. Nd7 Rd5 51. Ndc5+ Kb6 52. h4 Rxc5 53. Nxc5 Kxc5 54. Rb2 Kd5 55. Rb1 c5 56. Ke1 Nf5 57. Rb2 Nxh4 58. Rc2 Nf5 59. Kf1 Nd4 60. Rb2 g5 61. Rb1 g4 62. Rb2 gxf3 63. gxf3 Nxf3 64. Rg2 Nd2+ 65. Ke2 f3+ 0-1


[Site "https://www.chess.com"]

[Event "Titled Tuesday Blitz June 28 Late 2022"]
[White "Arnold, Ken"]
[Black "Hoffmann, Asa"]
[WhiteFideId "2056836"]
[BlackFideId "2001470"]
[WhiteElo "2263"]
[BlackElo "2117"]
[Result "1-0"]
[Round "05"]
[TimeControl "180+1"]
[Date "2022.06.29"]
[WhiteClock "0:00:10"]
[BlackClock "0:00:01"]

1. d4 Nf6 2. c4 c5 3. Nf3 cxd4 4. Nxd4 e5 5. Nb5 d5 6. cxd5 Bb4+ 7. N5c3 O-O 8. a3 Ba5 9. Bg5 Bf5 10. b4 Bb6 11. e3 Nbd7 12. Bd3 Bg6 13. O-O Rc8 14. Bxg6 hxg6 15. Ne4 Qc7 16. Nbc3 Nxe4 17. Nxe4 f5 18. d6 Qc2 19. Qd5+ Kh7 20. Ng3 f4 21. exf4 exf4 22. Ne4 Rce8 23. Be7 Rf5 24. Ng5+ Kh6 25. Qf3 Rxg5 26. Qxf4 Qf5 27. Bxg5+ Qxg5 28. Qf7 Nf6 29. Rae1 Rxe1 30. Rxe1 Qd2 31. Rf1 Qxd6 32. Qxb7 Qd4 33. Qf3 1-0


[Site "https://www.chess.com"]

[Event "Titled Tuesday Blitz June 28 Late 2022"]
[White "Bach, Matthias"]
[Black "Donatti, Alvaro"]
[WhiteFideId "4603168"]
[BlackFideId "3000303"]
[WhiteElo "2165"]
[BlackElo "2138"]
[Result "1-0"]
[Round "05"]
[TimeControl "180+1"]
[Date "2022.06.29"]
[WhiteClock "0:01:49"]
[BlackClock "0:01:41"]

1. d4 Nf6 2. c4 g6 3. Nc3 d5 4. cxd5 Nxd5 5. g3 Bg7 6. Bg2 c6 7. e4 Nxc3 8. bxc3 c5 9. Ne2 O-O 10. O-O Bg4 11. f3 Bd7 12. Be3 Nc6 13. Rb1 Na5 14. Kh1 Nc4 15. Bg1 Bc6 16. d5 Bd7 17. Rxb7 Rb8 18. Rxb8 Qxb8 19. Bxc5 Qb2 20. Rf2 Rc8 21. Nf4 Qxc3 22. Rc2 Ba4 23. Rxc3 Bxd1 24. Rxc4 g5 25. Nh5 Bh8 26. Rc1 1-0


[Site "https://www.chess.com"]

[Event "Titled Tuesday Blitz June 28 Late 2022"]
[White "Balint, Vilmos"]
[Black "Manukian, Artak"]
[WhiteFideId "718050"]
[BlackFideId "13301373"]
[WhiteElo "2059"]
[BlackElo "2464"]
[Result "0-1"]
[Round "05"]
[TimeControl "180+1"]
[Date "2022.06.29"]
[WhiteClock "0:01:06"]
[BlackClock "0:00:46"]

1. e4 c6 2. d4 d5 3. e5 Bf5 4. Nf3 e6 5. Be2 c5 6. O-O Nc6 7. c4 dxc4 8. Be3 cxd4 9. Nxd4 Nxd4 10. Bxd4 Ne7 11. Bxc4 Nc6 12. Bb5 Be7 13. Nc3 O-O 14. Bxc6 bxc6 15. Qa4 c5 16. Be3 Bd3 17. Rfd1 c4 18. b3 Qe8 19. bxc4 Qxa4 20. Nxa4 Bxc4 21. Rd7 Ba3 22. Rxa7 Rxa7 23. Bxa7 Ra8 24. Nb6 Rxa7 25. Nxc4 g5 26. h4 h6 27. Kh2 Kg7 28. Kg3 Ra4 29. Nxa3 Rxa3+ 30. f3 Kg6 31. hxg5 hxg5 32. Kg4 Ra4+ 33. Kg3 Kf5 34. a3 Kxe5 35. Kf2 f5 36. g3 g4 37. f4+ Kd6 38. Ke3 Kc5 39. Kd3 Rd4+ 40. Ke3 Re4+ 41. Kd3 Kb5 42. a4+ Ka5 43. Ra2 Rb4 44. Ra1 Rb3+ 45. Kd4 Rxg3 46. Re1 Rf3 47. Ke5 g3 48. Kxe6 Rxf4 49. Re3 g2 50. Rg3 Rg4 0-1


[Site "https://www.chess.com"]

[Event "Titled Tuesday Blitz June 28 Late 2022"]
[White "Barria Zuniga, Daniel"]
[Black "Yurasova, Daria"]
[WhiteFideId "3400816"]
[BlackFideId "34146919"]
[WhiteElo "2414"]
[BlackElo "2021"]
[Result "1-0"]
[Round "05"]
[TimeControl "180+1"]
[Date "2022.06.29"]
[WhiteClock "0:01:01"]
[BlackClock "0:00:18"]

1. d4 d5 2. c4 dxc4 3. Nf3 Nf6 4. e3 e6 5. Bxc4 a6 6. Nc3 b5 7. Bb3 c5 8. O-O Bb7 9. Re1 Be7 10. e4 O-O 11. Bg5 h6 12. Bxf6 Bxf6 13. e5 Be7 14. d5 exd5 15. Bxd5 Bxd5 16. Qxd5 Qxd5 17. Nxd5 Nc6 18. Rad1 Rfd8 19. Kf1 Bf8 20. h4 Rac8 21. h5 Re8 22. g4 Rcd8 23. Nc7 Rxd1 24. Rxd1 Re7 25. Nxa6 Nxe5 26. Nxe5 Rxe5 27. Rd8 f6 28. b3 Kf7 29. Nc7 Be7 30. Rd7 c4 31. bxc4 bxc4 32. Nd5 Ke6 33. Rxe7+ Kxd5 34. Rxe5+ fxe5 35. Ke2 Kd4 36. Kd2 c3+ 37. Kc2 Kc4 38. a4 Kb4 39. a5 Kxa5 40. Kxc3 Kb5 41. Kd3 Kc5 42. Ke4 Kd6 43. Kf5 Kd5 44. Kg6 Ke4 45. Kxg7 Kf3 46. g5 hxg5 47. h6 Kxf2 48. h7 e4 49. h8=Q e3 50. Qh2+ Kf1 51. Qh3+ Kf2 52. Qf5+ Kg2 53. Qxg5+ Kf2 54. Qf4+ Ke2 55. Kf6 Kd3 56. Qd6+ Kc2 57. Qc5+ Kd2 58. Qd4+ Ke2 59. Kg5 1-0


[Site "https://www.chess.com"]

[Event "Titled Tuesday Blitz June 28 Late 2022"]
[White "Bayo Milagro, Alvaro"]
[Black "Garagulya, Konstantin"]
[WhiteFideId "22275240"]
[BlackFideId "4128931"]
[WhiteElo "2270"]
[BlackElo "2329"]
[Result "1-0"]
[Round "05"]
[TimeControl "180+1"]
[Date "2022.06.29"]
[WhiteClock "0:00:42"]
[BlackClock "0:00:03"]

1. d4 d5 2. c4 dxc4 3. e4 e5 4. Nf3 exd4 5. Bxc4 Nc6 6. O-O Be6 7. Bxe6 fxe6 8. Qb3 Qd7 9. Qxb7 Rb8 10. Qa6 Nf6 11. Nbd2 Bc5 12. a3 O-O 13. b4 Be7 14. Bb2 e5 15. Rac1 Rb6 16. Qc4+ Kh8 17. Ng5 h6 18. Ne6 Rc8 19. Nb3 Nxe4 20. Rfe1 Nf6 21. b5 Na5 22. Nxa5 Rxe6 23. Nc6 Bd6 24. Nxd4 exd4 25. Rxe6 d3 26. Bxf6 d2 27. Rd1 gxf6 28. Rxf6 Qg7 29. Rxd6 Rg8 30. Rxh6+ Qxh6 31. Qc3+ Rg7 32. Qxd2 Qg6 33. Qd8+ Kh7 34. Qd3 Qxd3 35. Rxd3 Rg5 36. a4 1-0


[Site "https://www.chess.com"]

[Event "Titled Tuesday Blitz June 28 Late 2022"]
[White "Bekturov, Tamerlan"]
[Black "Tari, Aryan"]
[WhiteFideId "13710184"]
[BlackFideId "1510045"]
[WhiteElo "2151"]
[BlackElo "2567"]
[Result "1-0"]
[Round "05"]
[TimeControl "180+1"]
[Date "2022.06.28"]
[WhiteClock "0:00:13"]
[BlackClock "0:00:02"]

1. d4 d5 2. c4 e6 3. Nf3 Nf6 4. g3 Bd6 5. Qc2 O-O 6. Bg2 h6 7. O-O b6 8. cxd5 exd5 9. Nc3 c5 10. dxc5 bxc5 11. Rd1 Bb7 12. Nh4 Be5 13. Qb3 Qb6 14. Nxd5 Nxd5 15. Bxd5 Nc6 16. Ng6 Qxb3 17. axb3 Rfd8 18. Bf4 Bxb2 19. Bxc6 Bxa1 20. Rxa1 Bxc6 21. Ne7+ Kf8 22. Nxc6 Rd7 23. Ne5 Rb7 24. Ra3 a5 25. Nc4 Rb5 26. Nd6 Rb6 27. Ne4 c4 28. bxc4 a4 29. Kg2 Ke7 30. c5 Rb3 31. Ra2 f5 32. Nd2 Rc3 33. Bd6+ Ke6 34. Nb1 Rc1 35. Na3 Ra5 36. Kf3 Rc3+ 37. e3 Rb3 38. Nc2 Rc3 39. Ke2 a3 40. Kd2 Rc4 41. Kd3 Rca4 42. Kc3 Ra8 43. Kb3 R4a7 44. Rxa3 Rb7+ 45. Kc3 Rxa3+ 46. Nxa3 Kd5 47. Nc4 Rb1 48. Nb6+ Kc6 49. Bf8 g5 50. Kd3 g4 51. Ke2 h5 52. Nc4 Rh1 53. Nd6 Rxh2 54. Nxf5 Rh1 55. Bd6 Kd5 56. Ne7+ Ke4 57. Ng8 Rc1 58. Nf6+ Kf5 59. Nxh5 Rc2+ 60. Kf1 Ke4 61. Nf4 Kf3 62. Nd3 Rc3 63. Ne1+ Ke4 64. Kg2 Rc1 65. Kf1 Rd1 66. Ke2 Ra1 67. c6 Ra2+ 68. Kf1 Ra6 69. c7 Rc6 70. Bf4 Kd5 71. Nd3 Ke6 72. Kg2 Rc3 73. Ne5 Rxc7 74. Nxg4 Rc1 75. Kf3 Ra1 76. e4 Ra3+ 77. Ne3 Kf6 78. g4 Kg6 79. g5 Kh5 80. Kg3 Ra4 81. f3 Ra1 82. Nf5 Rg1+ 83. Kf2 Rb1 84. Bd2 Rb2 85. Ke3 Kxg5 86. Kd3+ Kg6 87. f4 Ra2 88. Nd4 Ra3+ 89. Bc3 Kh5 90. Ne2 Kg4 91. Ke3 Rb3 92. e5 Ra3 93. Ke4 Ra4+ 94. Bd4 Ra2 95. Nc3 Ra1 96. e6 Ra6 97. f5 Kg5 98. Nd5 Ra2 99. Be3+ Kh5 100. f6 Ra6 101. e7 Re6+ 102. Kf5 1-0


[Site "https://www.chess.com"]

[Event "Titled Tuesday Blitz June 28 Late 2022"]
[White "Bluebaum, Matthias"]
[Black "Zhu, Jiner"]
[WhiteFideId "24651516"]
[BlackFideId "8608059"]
[WhiteElo "2556"]
[BlackElo "2281"]
[Result "1-0"]
[Round "05"]
[TimeControl "180+1"]
[Date "2022.06.28"]
[WhiteClock "0:00:14"]
[BlackClock "0:00:03"]

1. d4 Nf6 2. c4 e6 3. Nc3 d5 4. cxd5 Nxd5 5. e4 Nxc3 6. bxc3 c5 7. Rb1 Be7 8. Bc4 O-O 9. Ne2 a6 10. a4 b6 11. O-O Bb7 12. Ng3 Nc6 13. Be3 cxd4 14. cxd4 Rc8 15. Rc1 Ba3 16. Rc2 Nb4 17. Rc3 Bb2 18. Rb3 Rxc4 19. Rxb2 a5 20. Qg4 Qf6 21. f3 Rfc8 22. h4 Nc2 23. Bf2 Nxd4 24. Rxb6 Ba8 25. Rd1 Nc6 26. Qh5 Ne5 27. Rb5 Ng6 28. Rxa5 Rc2 29. Qg5 Nxh4 30. Qxf6 gxf6 31. Nh5 Ng6 32. Be3 Rb2 33. Bh6 Nh4 34. Nxf6+ Kh8 35. Rg5 Ng6 36. Rc5 Rcb8 37. Rc7 Nh4 38. Rxf7 Rxg2+ 39. Kh1 1-0


[Site "https://www.chess.com"]

[Event "Titled Tuesday Blitz June 28 Late 2022"]
[White "Bobadilla Viera, Jorge Samuel"]
[Black "Nathan, Nitish"]
[WhiteFideId "3906353"]
[BlackFideId "30927870"]
[WhiteElo "2202"]
[BlackElo "2266"]
[Result "1-0"]
[Round "05"]
[TimeControl "180+1"]
[Date "2022.06.29"]
[WhiteClock "0:01:54"]
[BlackClock "0:01:10"]

1. e4 e5 2. Nf3 d6 3. d4 exd4 4. Nxd4 g6 5. Nc3 Bg7 6. Be3 Ne7 7. Qd2 h5 8. O-O-O a6 9. f4 b5 10. f5 c5 11. Nf3 gxf5 12. Bxc5 fxe4 13. Nxe4 Bh6 14. Nxd6+ Kf8 15. Be3 Bxe3 16. Qxe3 Qc7 17. Be2 Nbc6 18. Rhf1 Nb4 19. Nd4 Qxd6 20. Qf3 Qd5 21. Qf6 Rg8 22. Bf3 Qxa2 23. Bxa8 Bg4 24. Ne6+ Ke8 25. Rd8# 1-0


[Site "https://www.chess.com"]

[Event "Titled Tuesday Blitz June 28 Late 2022"]
[White "Bolourchifard, Farzad"]
[Black "Steinberg, Nitzan"]
[WhiteFideId "12510084"]
[BlackFideId "2801795"]
[WhiteElo "2317"]
[BlackElo "2471"]
[Result "0-1"]
[Round "05"]
[TimeControl "180+1"]
[Date "2022.06.28"]
[WhiteClock "0:00:05"]
[BlackClock "0:00:19"]

1. e4 c5 2. Nc3 d6 3. g3 g6 4. Bg2 Bg7 5. d3 Nc6 6. Be3 e6 7. Qd2 Rb8 8. Nge2 b5 9. Nd1 b4 10. O-O h5 11. h3 Nge7 12. a3 a5 13. axb4 axb4 14. d4 cxd4 15. Nxd4 Ne5 16. b3 O-O 17. Bh6 Bb7 18. Bxg7 Kxg7 19. f4 N5c6 20. Kh2 h4 21. g4 e5 22. Nb5 exf4 23. Qxf4 Nc8 24. Ne3 Qe7 25. Rad1 Ba6 26. Nxd6 Nxd6 27. Rxd6 Bxf1 28. Bxf1 Qe5 29. Qxe5+ Nxe5 30. Nc4 Rfe8 31. Nxe5 Rxe5 32. Bd3 Re6 33. Rd4 Rf6 34. Kg2 Rf4 35. Rd6 Ra8 36. Rb6 Ra1 37. Rxb4 Re1 38. Rb7 Re3 39. Bc4 Rexe4 40. Rd7 Re3 41. Rd2 Rg3+ 42. Kh2 Rff3 43. Rd7 Rxh3+ 44. Kg2 Rhg3+ 45. Kh2 Rf2+ 46. Kh1 h3 47. g5 h2 0-1


[Site "https://www.chess.com"]

[Event "Titled Tuesday Blitz June 28 Late 2022"]
[White "Bortnyk, Mykola"]
[Black "Averjanov, Alexey"]
[WhiteFideId "14120836"]
[BlackFideId "14109867"]
[WhiteElo "2582"]
[BlackElo "2687"]
[Result "1-0"]
[Round "05"]
[TimeControl "180+1"]
[Date "2022.06.28"]
[WhiteClock "0:01:05"]
[BlackClock "0:00:41"]

1. e4 c6 2. d4 d5 3. exd5 cxd5 4. c4 Nf6 5. Nc3 e6 6. Nf3 Be7 7. cxd5 Nxd5 8. Bd3 Nc6 9. O-O O-O 10. Be3 Nxe3 11. fxe3 b6 12. Be4 Bb7 13. Rc1 Rc8 14. Rc2 Na5 15. Bd3 Nc4 16. Qe1 g6 17. Ne4 Nd6 18. Nxd6 Qxd6 19. Rcf2 Bf6 20. Nd2 Bg7 21. Qe2 Rc7 22. Be4 Bxe4 23. Nxe4 Qd5 24. Nc3 Qg5 25. Kh1 h5 26. g3 h4 27. Qf3 hxg3 28. hxg3 a6 29. Kg2 b5 30. a3 e5 31. Ne4 Qe7 32. d5 Rd7 33. d6 Qe6 34. Nc5 Qxd6 35. Nxd7 Qxd7 36. Rd1 Qe7 37. e4 f5 38. exf5 e4 39. Qb3+ Kh7 40. Rh1+ Bh6 41. fxg6+ Kxg6 42. Rxf8 Qxf8 43. Qe6+ Kg5 44. Qxh6+ Qxh6 45. Rxh6 Kxh6 46. Kf2 Kg5 47. Ke3 Kf5 48. b4 Ke5 49. g4 Kd5 50. g5 Ke5 51. g6 Kf6 52. Kxe4 Kxg6 53. Kd5 Kf5 54. Kc6 Ke5 55. Kb6 Kd5 56. Kxa6 Kc4 57. Kb6 1-0


[Site "https://www.chess.com"]

[Event "Titled Tuesday Blitz June 28 Late 2022"]
[White "Boruchovsky, Avital"]
[Black "Oparin, Grigoriy"]
[WhiteFideId "2800055"]
[BlackFideId "24125890"]
[WhiteElo "2466"]
[BlackElo "2639"]
[Result "1-0"]
[Round "05"]
[TimeControl "180+1"]
[Date "2022.06.28"]
[WhiteClock "0:00:15"]
[BlackClock "0:00:36"]

1. e4 c5 2. Nf3 d6 3. Bb5+ Bd7 4. Bxd7+ Nxd7 5. O-O Ngf6 6. Qe2 e6 7. c3 Be7 8. d4 O-O 9. Rd1 Qb6 10. e5 Ne8 11. exd6 Nxd6 12. Na3 Rfe8 13. Be3 Qc7 14. Bf4 a6 15. Nc4 Qc6 16. Nxd6 Bxd6 17. Bxd6 Qxd6 18. dxc5 Qc7 19. b4 b6 20. Qd3 Red8 21. Qd6 Qxd6 22. Rxd6 Nf6 23. Rxd8+ Rxd8 24. cxb6 Nd5 25. Rd1 Rb8 26. b7 h6 27. c4 Nxb4 28. Rd7 a5 29. Ne5 Kh7 30. Rxf7 a4 31. a3 Na6 32. Nc6 Re8 33. h4 e5 34. Re7 Rf8 35. Rxe5 Rf7 36. Rb5 Rc7 37. Rb6 1-0


[Site "https://www.chess.com"]

[Event "Titled Tuesday Blitz June 28 Late 2022"]
[White "Brodowski, Piotr"]
[Black "Berant"]
[WhiteFideId "1124480"]
[WhiteElo "2431"]
[BlackElo "2434"]
[Result "0-1"]
[Round "05"]
[TimeControl "180+1"]
[Date "2022.06.29"]
[WhiteClock "0:00:08"]
[BlackClock "0:00:25"]

1. c4 c5 2. Nc3 Nc6 3. g3 d6 4. Bg2 g6 5. h4 Bg7 6. h5 e5 7. d3 Be6 8. Nf3 Qd7 9. Ng5 Bg4 10. Bd5 Nh6 11. hxg6 hxg6 12. Nce4 O-O-O 13. Be3 Nf5 14. Kd2 Rxh1 15. Qxh1 Nxe3 16. fxe3 f6 17. Nf3 Rh8 18. Qg2 Kb8 19. Rh1 Qd8 20. a3 f5 21. Nc3 Bh6 22. Nh2 Qg5 23. Nd1 Bh5 24. Nf3 Qd8 25. Kc2 Qa5 26. Nd2 Qa4+ 27. Kc1 Ne7 28. Bf3 Bxf3 29. exf3 Nc6 30. f4 e4 31. dxe4 Bg7 32. Rxh8+ Bxh8 33. exf5 gxf5 34. Qd5 Kc7 35. Qf7+ Kb6 36. Nc3 Bxc3 37. bxc3 Qxa3+ 38. Kc2 Na5 39. Qd7 Qa2+ 40. Kd3 Nc6 41. Qxd6 Qa1 42. Qe5 Nxe5+ 43. fxe5 a5 44. e6 Kc7 45. Nf3 Qd1+ 46. Nd2 a4 47. e4 fxe4+ 48. Kxe4 Qxd2 49. g4 Qe2+ 50. Kd5 a3 51. g5 Qd2+ 52. Kxc5 Qxg5+ 53. Kb4 a2 54. c5 a1=Q 55. e7 Qb2+ 56. Ka5 Qxe7 57. Ka4 Qxc5 58. c4 Qcb4# 0-1


[Site "https://www.chess.com"]

[Event "Titled Tuesday Blitz June 28 Late 2022"]
[White "Capp, Stephen"]
[Black "Kapitsyn, Mark"]
[WhiteFideId "2027089"]
[BlackFideId "4116240"]
[WhiteElo "2146"]
[BlackElo "2281"]
[Result "1-0"]
[Round "05"]
[TimeControl "180+1"]
[Date "2022.06.29"]
[WhiteClock "0:00:02"]
[BlackClock "0:00:01"]

1. e4 c5 2. Nc3 Nc6 3. f4 e6 4. Nf3 d5 5. Bb5 d4 6. Bxc6+ bxc6 7. Nb1 Nf6 8. d3 Be7 9. O-O O-O 10. b3 a5 11. a4 Rb8 12. Na3 Ba6 13. Bd2 Nd7 14. Qe1 f5 15. Bxa5 Qe8 16. e5 Qh5 17. Qg3 Kh8 18. Qh3 Qg6 19. Rae1 Nb6 20. Bd2 Nd5 21. Kh1 h6 22. Nh4 Qh5 23. Nf3 Qg4 24. Qg3 Kh7 25. Re2 Qxg3 26. hxg3 Nb4 27. Nc4 Nxc2 28. Ba5 Bxc4 29. bxc4 Ra8 30. Rxc2 Rxa5 31. Ra2 Rb8 32. Rfa1 Rb3 33. Ra3 Rb2 34. Ne1 g5 35. Kh2 Kg6 36. R1a2 Rb1 37. Nc2 Rd1 38. Na1 gxf4 39. gxf4 Kh5 40. Nb3 Ra8 41. a5 Rxd3 42. a6 Kg4 43. Nc1 Rxa3 44. Rxa3 Kxf4 45. Nd3+ Ke4 46. g3 Ra7 47. Kg2 Bg5 48. Kf2 f4 49. Nxc5+ Kxe5 50. Nd7+ Kd6 51. Nb6 1-0


[Site "https://www.chess.com"]

[Event "Titled Tuesday Blitz June 28 Late 2022"]
[White "Cappelletto, Joshuaede"]
[Black "Diaz, Fernando"]
[WhiteFideId "2824383"]
[BlackFideId "3701255"]
[WhiteElo "1761"]
[BlackElo "1934"]
[Result "0-1"]
[Round "05"]
[TimeControl "180+1"]
[Date "2022.06.29"]
[WhiteClock "0:00:12"]
[BlackClock "0:00:04"]

1. e4 e6 2. d4 d5 3. Nc3 Bb4 4. e5 c5 5. a3 Bxc3+ 6. bxc3 Ne7 7. Qg4 Qc7 8. Qxg7 Rg8 9. Qxh7 cxd4 10. Ne2 Nbc6 11. f4 dxc3 12. h4 Bd7 13. h5 O-O-O 14. h6 Nf5 15. Qxf7 Rdf8 16. h7 Rh8 17. Qg6 d4 18. g4 Nfe7 19. Qd3 Be8 20. Bg2 Bg6 21. Be4 Bxe4 22. Qxe4 Qd7 23. a4 Qd5 24. Qxd5 Nxd5 25. g5 Rf7 26. Ba3 Rfxh7 27. O-O Ne3 28. Rfc1 Rh1+ 29. Kf2 R1h2+ 30. Kf3 R8h3+ 31. Ke4 Rxe2 32. Kd3 Reh2 33. Rg1 Nd5+ 34. Kc4 Ne3+ 35. Kc5 Nxc2 36. g6 Rh8 37. Ra2 d3 38. Kd6 Nd8 39. Ke7 Rg8 40. Bd6 Rf2 41. f5 Rxf5 42. Rg3 Ne1 43. Ra3 Rg7+ 44. Ke8 Rg8+ 45. Ke7 c2 46. Rc3+ Nc6+ 47. Kxe6 Rf2 48. g7 d2 0-1


[Site "https://www.chess.com"]

[Event "Titled Tuesday Blitz June 28 Late 2022"]
[White "Carrasco Miranda, Andres"]
[Black "Mangialardo, Tiago Carvalho"]
[WhiteFideId "3405990"]
[BlackFideId "2130718"]
[WhiteElo "2177"]
[BlackElo "2065"]
[Result "1-0"]
[Round "05"]
[TimeControl "180+1"]
[Date "2022.06.29"]
[WhiteClock "0:00:29"]
[BlackClock "0:00:04"]

1. d4 d5 2. c4 e6 3. Nf3 Nf6 4. g3 Be7 5. Bg2 O-O 6. O-O Nbd7 7. Nbd2 c5 8. cxd5 Nxd5 9. Ne4 Re8 10. Bg5 Bxg5 11. Nfxg5 h6 12. Nxf7 Kxf7 13. Nd6+ Kg8 14. Nxe8 Qxe8 15. dxc5 Nxc5 16. Rc1 b6 17. b4 Na6 18. a3 Bb7 19. Qd4 Nac7 20. Rxc7 Nxc7 21. Bxb7 Rb8 22. Bf3 Nb5 23. Qe3 e5 24. Qb3+ Kh8 25. e3 Qf8 26. Kg2 Nd6 27. Qd5 Re8 28. Rd1 Nf5 29. Be4 Ne7 30. Qxe5 Nc6 31. Qf5 Qxf5 32. Bxf5 Ne5 33. Rd4 g6 34. Bc2 Kg7 35. Bb3 Kf6 36. h4 h5 37. Rd6+ Kf5 38. Bc2+ Kg4 39. Rf6 g5 1-0


[Site "https://www.chess.com"]